AoeStats
← Player

Arena

505041835Analyzed
4v4 RM · 26d ago on Sep 7, 2026· 46m 26s· 8 players
Game mode
Random Map
Map size
Large (8 player)
Population
200
Speed
Normal
Resources
Standard
Victory
Conquest
Starting age
Dark Age
Ending age
Imperial Age
RankedLock teamsTeams togetherTeam positionsShared explorationLock speedFull tech treeHidden civsTurbo modeCheats
Victory
Defeat
🇺🇦 Spanish · Ukraine
1017
+12
🇲🇰 Sicilians · North Macedonia
958
+15
🇮🇳 Franks · India
898
+17
🇺🇦 Slavs · Ukraine
862
+20
🇲🇽 Malay · Mexico
980
-18
🇮🇳 Gurjaras · India
941
-16
922
-16
882
-14
Schweindals | LordN00bius
11:02 Feudal Age
11:50 Double-Bit Axe
17:02 Castle Age
16:13 Stone Mining
18:34 Bow Saw
21:05 Scale Barding Armor
20:58 Horse Collar
21:37 Forging
21:27 Gold Mining
22:01 Bloodlines
24:09 Wheelbarrow
25:04 Heavy Plow
24:54 Loom
24:58 Town Watch
26:37 Hand Cart
31:11 Ironclad
33:45 Imperial Age
31:33 Scale Mail Armor
32:48 Chain Mail Armor
34:00 Masonry
33:19 Man-at-Arms
33:45 Gambesons
34:39 Iron Casting
34:51 Crenellations
34:31 Capped Ram
36:06 Crop Rotation
35:41 Fletching
38:15 Two-Man Saw
36:39 Long Swordsman
37:33 Bodkin Arrow
38:09 Plate Mail Armor
38:00 Two-Handed Swordsman
38:47 Cavalier
39:48 Elite Teutonic Knight
42:09 Champion
44:26 Hoardings
44:17 Conscription
45:34 Chain Barding Armor
rikbandy
11:14 Feudal Age
14:54 Castle Age
13:15 Double-Bit Axe
13:27 Horse Collar
13:51 Loom
16:24 Bow Saw
18:14 Padded Archer Armor
18:17 Scale Mail Armor
19:23 Bow Saw
19:45 Gold Mining
25:38 Heavy Plow
26:36 Gold Shaft Mining
26:56 Wheelbarrow
30:06 Imperial Age
28:18 Fletching
29:18 Kshatriyas
30:04 Hand Cart
30:05 Town Watch
30:21 Fletching
32:43 Arson
34:12 Masonry
34:53 Hoardings
35:34 Architecture
36:21 Crop Rotation
36:49 Chain Mail Armor
36:45 Forging
37:54 Scale Barding Armor
37:26 Elite Shrivamsha Rider
38:37 Bloodlines
38:53 Husbandry
40:01 Chain Barding Armor
40:17 Iron Casting
41:19 Plate Barding Armor
42:11 Iron Casting
[MIAAU] Gatúbelo Palestinian
11:20 Loom
12:07 Loom
13:53 Feudal Age
16:44 Wheelbarrow
16:27 Double-Bit Axe
16:24 Horse Collar
19:15 Castle Age
22:09 Heavy Plow
25:20 Chemistry
25:28 Fervor
26:13 Sanctity
26:19 Treadmill Crane
27:02 Bow Saw
30:35 Fortified Wall
33:29 Imperial Age
31:32 Hand Cart
31:04 Town Watch
32:16 Ballistics
33:00 Town Patrol
34:43 Pikeman
37:27 Squires
37:29 Scale Mail Armor
37:41 Halberdier
39:53 Forging
40:28 Heavy Scorpion
41:55 Fletching
43:03 Masonry
45:14 Chain Mail Armor
45:34 Iron Casting
44:55 Bodkin Arrow
45:23 Bombard Tower
45:14 Onager
INK | Royal Prestige
9:52 Feudal Age
11:59 Loom
14:45 Castle Age
13:51 Double-Bit Axe
13:50 Horse Collar
21:22 Forging
23:09 Squires
23:52 Heavy Plow
25:29 Wheelbarrow
24:40 Town Watch
26:53 Bow Saw
31:59 Imperial Age
29:29 Gold Mining
29:36 Stone Mining
29:29 Treadmill Crane
30:53 Hand Cart
32:46 Chemistry
32:25 Conscription
33:50 Town Patrol
33:54 Padded Archer Armor
33:44 Fletching
38:05 Siege Engineers
40:01 Heavy Scorpion
41:27 Pikeman
KabaH4iK
10:56 Feudal Age
9:36 Loom
15:58 Castle Age
14:00 Horse Collar
14:08 Double-Bit Axe
15:02 Stone Mining
17:15 Bow Saw
18:42 Heavy Plow
19:23 Gold Mining
20:56 Wheelbarrow
25:17 Ballistics
29:35 Hand Cart
34:05 Imperial Age
33:17 Forging
32:57 Fletching
33:13 Scale Barding Armor
33:10 Padded Archer Armor
35:11 Conscription
34:13 Elite Conquistador
35:39 Iron Casting
34:59 Bodkin Arrow
36:07 Bloodlines
35:57 Husbandry
36:20 Chain Barding Armor
36:37 Leather Archer Armor
38:04 Inquisition
39:20 Cavalier
43:51 Paladin
Player
11:59 Feudal Age
13:18 Double-Bit Axe
13:16 Horse Collar
18:29 Castle Age
17:00 Gold Mining
19:02 Fletching
19:12 Padded Archer Armor
19:30 Bow Saw
19:51 Crossbowman
22:10 Stone Mining
23:00 Pikeman
26:52 Gold Shaft Mining
27:15 Bodkin Arrow
27:35 Leather Archer Armor
27:03 Elite Skirmisher
28:56 Wheelbarrow
29:07 Squires
28:53 Gambesons
28:54 Arson
32:09 Forging
32:00 Scale Mail Armor
36:29 Imperial Age
35:36 Iron Casting
35:16 Chain Mail Armor
36:07 Loom
38:55 Hand Cart
38:50 Elite Serjeant
41:18 Chemistry
41:18 Conscription
gesha
10:57 Feudal Age
16:41 Castle Age
14:51 Double-Bit Axe
15:21 Horse Collar
15:45 Stone Mining
16:03 Gold Mining
19:46 Wheelbarrow
24:07 Hand Cart
28:31 Imperial Age
27:10 Bow Saw
27:03 Fletching
27:25 Forging
27:16 Scale Mail Armor
26:44 Pikeman
27:49 Heavy Plow
28:47 Bodkin Arrow
30:09 Iron Casting
29:56 Masonry
30:18 Town Watch
30:55 Squires
31:57 Halberdier
34:26 Man-at-Arms
36:49 Detinets
36:26 Long Swordsman
37:36 Ballistics
38:38 Two-Man Saw
39:12 Elite Boyar
40:32 Conscription
40:10 Two-Handed Swordsman
44:54 Blast Furnace
44:01 Scale Barding Armor
syedatun
11:18 Feudal Age
10:17 Loom
13:59 Double-Bit Axe
17:39 Castle Age
20:11 Bow Saw
26:45 Wheelbarrow
28:23 Hand Cart
29:14 Forging
29:10 Scale Barding Armor
31:49 Imperial Age
30:33 Town Watch
30:57 Town Watch
32:35 Murder Holes
32:55 Forging
32:51 Scale Barding Armor
33:21 Conscription
33:27 Chivalry
33:43 Husbandry
33:04 Cavalier
34:48 Iron Casting
34:05 Fletching
35:05 Chain Barding Armor
34:26 Onager
37:41 Plate Barding Armor
38:06 Blast Furnace
37:03 Bodkin Arrow
38:14 Chemistry
37:36 Ballistics
37:53 Town Patrol
39:02 Elite Throwing Axeman
41:03 Padded Archer Armor
41:32 Paladin
41:33 Light Cavalry
42:00 Heavy Scorpion
Connection lost

Rejoining the realm…

Still unreachable

The connection could not be restored.

Session expired

The server has moved on; the page needs a fresh start.